 Dungeon Crawl Stone Soup version 0.21-a0-2-ge494091 (webtiles) character file.

3958 qqqbard the Cruncher (level 10, -5/88 HPs)
             Began as a Minotaur Gladiator on May 22, 2017.
             Was a Follower of Okawaru.
             Slain by a death yak (18 damage)
             ... on level 7 of the Dungeon.
             The game lasted 00:11:14 (6092 turns).

qqqbard the Cruncher (Minotaur Gladiator)           Turns: 6092, Time: 00:11:15

Health: -5/88      AC: 11    Str: 21    XL:     10   Next: 2%
Magic:  9/9        EV: 17    Int:  5    God:    Okawaru [*.....]
Gold:   391        SH:  0    Dex: 13    Spells: 9/9 levels left

rFire    . . .     SeeInvis .   a - +0 quarterstaff
rCold    . . .     Gourm    +   (shield currently unavailable)
rNeg     . . .     Faith    .   l - +0 chain mail
rPois    .         Spirit   .   c - +1 hat
rElec    .         Reflect  .   (no cloak)
rCorr    +         Harm     .   (no gloves)
MR       .....                  (no boots)
Stlth    ..........             b - amulet of the gourmand
Regen    0.3/turn               O - ring of resist corrosion
MPRegen  0.2/turn               K - +5 ring of evasion

@: no status effects
A: retaliatory headbutt, horns 2
a: Heroism, Renounce Religion


You were on level 7 of the Dungeon.
You worshipped Okawaru.
Okawaru was aware of your devotion.
You were very hungry.

You visited 2 branches of the dungeon, and saw 9 of its levels.
You also visited: Ossuary.

You collected 391 gold pieces.

Inventory:

Hand Weapons
 a - a +0 quarterstaff (weapon)
Missiles
 d - 4 throwing nets (quivered)
Armour
 c - a +1 hat (worn)
 l - a +0 chain mail (worn)
Jewellery
 b - an amulet of the gourmand (around neck)
 e - a +3 amulet of reflection
 j - an uncursed ring of positive energy
 K - a +5 ring of evasion (right hand)
 O - a ring of resist corrosion (left hand)
Wands
 u - a wand of lightning (4/15)
 z - a wand of random effects (10/48)
 D - a wand of disintegration (13/24)
 E - a wand of polymorph (8/24)
 P - a wand of random effects (42/48)
Scrolls
 i - 6 scrolls of remove curse
 m - 2 scrolls of enchant weapon {unknown}
 q - 2 scrolls of amnesia {unknown}
 t - 2 scrolls of fog {unknown}
 y - a scroll of teleportation {unknown}
 A - 2 scrolls of magic mapping {unknown}
 B - 4 scrolls of enchant armour
 C - a scroll of identify
 J - a scroll of random uselessness {unknown}
 L - a scroll of fear {unknown}
Potions
 h - 2 potions of cancellation {unknown}
 k - 2 potions of degeneration {unknown}
 n - 4 potions of mutation {unknown}
 o - 2 potions of brilliance {unknown}
 r - 2 potions of lignification {unknown}
 s - 3 potions of curing {unknown}
 v - 3 potions of heal wounds {unknown}
 w - 3 potions of haste {unknown}
 x - a potion of resistance
 G - a potion of berserk rage {unknown}
 H - a potion of flight {unknown}
 I - a potion of agility {unknown}
 M - a potion of ambrosia {unknown}
Books
 F - a book of Air

   Spells                             Type                      Level
   a - Shock                          Conjuration/Air              1
   b - Swiftness                      Charms/Air                   2
   c - Static Discharge               Conjuration/Air              3
   d - Airstrike                      Air                          4
   e - Lightning Bolt                 Conjuration/Air              5
Comestibles
 f - 3 bread rations
 g - 8 meat rations
 p - 4 royal jellies


   Skills:
 + Level 7.8 Fighting
 * Level 11.2 Staves
 - Level 2.0 Throwing
 + Level 8.0 Armour
 + Level 7.9 Dodging


You had 9 spell levels left.
You didn't know any spells.

Dungeon Overview and Level Annotations

Branches:
Dungeon (8/15)             Temple (1/1) D:6
   Lair: D:8-11

Altars:
Ashenzari
Cheibriados
Dithmenos
Elyvilon
Fedhas
Gozag
Hepliaklqana
Kikubaaqudgha
Makhleb
Nemelex Xobeh
Okawaru
Qazlal
Ru
Sif Muna
Trog
Uskayaw
Vehumet
Wu Jian
Xom
Yredelemnul
Zin
The Shining One

Annotations:
D:2 2 transporters
D:8 2 runed doors, Irenicus's ghost, novice DEFE


Innate Abilities, Weirdness & Mutations

You reflexively headbutt those who attack you in melee.
You have a pair of horns on your head.


Message History

The quokka twitches its whiskers.
The death yak snorts and paws the ground.
There is a stone staircase leading up here.
The death yak barely misses you.
You climb upwards.
There is a stone staircase leading down here.
You see here a poisoned tomahawk.
There is an open door here.
You barely miss the death yak. The death yak gores you!
* * * LOW HITPOINT WARNING * * *
You hit the death yak but do no damage.
The death yak gores you but does no damage.
You hit the death yak.
You headbutt the death yak, but do no damage.
The death yak is lightly wounded.
Your chain mail prevents you from hitting the death yak.
You headbutt the death yak, but do no damage.
The death yak is lightly wounded.
The death yak gores you!!
You die...

.#.....##......#...........###'##
.#.....##......#...........#...##
.#.....'.......#...........#.....
.#.....#.......####'##.....#.....
.#.....#.............#.....'.....
.#.....#.............#.....#.....
.##....##......##....#.....#.....
.##....##......##....#.....#.....
...............Y@....'.....#.....
........(......#######.....#.....
....[..........##....#.....#.....
.##....##............#.....#.....
.########..[.........#.....#.....
..# #.............#.....#.....
..# #.............#.....#.....
..# #.......##....#.....#...##
..# #.......#######.....#...##


You could see a death yak.

Vanquished Creatures
  Pikel (D:5)
  The ghost of grandjackal the Skirmisher, a novice DsFi (Ossuary)
  The ghost of quoriil the Cutter, a novice SpAK of Lugonu (D:5)
  A hippogriff (D:7)
  Eustachio (D:4)
  The ghost of grandjackal the Digger, an amateur DgEE (D:3)
  Menkaure (D:5)
  2 orc warriors
  A black bear (D:7)
  An ice beast (D:7)
  A big kobold (D:7)
  4 elf zombies (Ossuary)
  Blork the orc (D:5)
  2 bullfrogs (D:6)
  A wyvern zombie (D:7)
  A scorpion (D:5)
  A howler monkey (D:5)
  A bullfrog zombie (D:6)
  5 human zombies (Ossuary)
  A quasit (D:7)
  A bullfrog skeleton (D:7)
  4 centaur zombies
  6 orc priests
  2 hounds
  9 orc wizards
  Ijyb (D:3)
  An iguana (D:6)
  5 worker ants
  3 mummies (Ossuary)
  Robin (D:4)
  9 adders
  3 oozes
  An adder zombie (D:5)
  2 adder skeletons
  5 worms
  A dart slug (D:3)
  3 leopard geckos
  29 orcs
  A ball python (D:7)
  8 bats
  4 giant cockroaches
  14 goblins
  9 hobgoblins
  6 jackals (D:4)
  A quokka (D:4)
  8 frilled lizards
  11 kobolds
  6 rats
183 creatures vanquished.

Vanquished Creatures (others)
  3 orc wizards (D:6)
3 creatures vanquished.

Grand Total: 186 creatures vanquished

Notes
Turn   | Place    | Note
-------+----------+-------------------------------------------
     0 | D:1      | qqqbard the Minotaur Gladiator began the quest for the Orb.
     0 | D:1      | Reached XP level 1. HP: 18/18 MP: 0/0
   169 | D:1      | Reached skill level 1 in Armour
   169 | D:1      | Reached XP level 2. HP: 25/25 MP: 1/1
   344 | D:1      | Reached skill level 4 in Staves
   439 | D:2      | Reached XP level 3. HP: 16/30 MP: 2/2
   556 | D:2      | Found a blossoming altar of Fedhas.
   558 | D:2      | Found a radiant altar of Vehumet.
   560 | D:2      | Found a shimmering altar of Xom.
   561 | D:2      | Noticed an orc warrior
   561 | D:2      | Found a bloodstained altar of Trog.
   562 | D:2      | Noticed a centaur
   920 | D:3      | Noticed grandjackal's ghost (amateur DgEE)
   944 | D:3      | Killed grandjackal's ghost
   944 | D:3      | Reached skill level 5 in Staves
   944 | D:3      | Reached XP level 4. HP: 32/39 MP: 3/3
   944 | D:3      | Reached XP level 5. HP: 37/45 MP: 4/4
  1046 | D:3      | Reached XP level 6. HP: 36/52 MP: 5/5
  1140 | D:3      | Found a sacrificial altar of Ru.
  1177 | D:3      | Noticed Ijyb
  1190 | D:3      | Killed Ijyb
  1190 | D:3      | Reached skill level 6 in Staves
  1868 | D:4      | Noticed Eustachio
  1891 | D:4      | Killed Eustachio
  1891 | D:4      | Reached skill level 7 in Staves
  1891 | D:4      | Reached skill level 5 in Dodging
  1891 | D:4      | Reached XP level 7. HP: 21/60 MP: 6/6
  2331 | D:4      | Noticed Robin
  2360 | D:4      | Killed Robin
  2390 | D:4      | Reached skill level 5 in Fighting
  2781 | D:5      | Entered Level 5 of the Dungeon
  2793 | D:5      | Reached skill level 5 in Armour
  2811 | D:5      | Noticed Blork the orc
  2819 | D:5      | Killed Blork the orc
  2819 | D:5      | Reached skill level 8 in Staves
  2819 | D:5      | Reached XP level 8. HP: 53/68 MP: 7/7
  2887 | D:5      | Noticed quoriil's ghost (novice SpAK)
  2899 | D:5      | Killed quoriil's ghost
  3024 | D:5      | Found a sand-covered staircase.
  3029 | Ossuary  | Entered an ossuary
  3029 | Ossuary  | Noticed grandjackal's ghost (novice DsFi)
  3049 | Ossuary  | Killed grandjackal's ghost
  3049 | Ossuary  | Reached skill level 9 in Staves
  3527 | Ossuary  | Reached XP level 9. HP: 29/78 MP: 8/8
  3829 | D:5      | Noticed Menkaure
  3841 | D:5      | Killed Menkaure
  4360 | D:5      | Found a sparkling altar of Nemelex Xobeh.
  4401 | D:5      | Noticed Pikel
  4418 | D:5      | Killed Pikel
  4418 | D:5      | Reached skill level 10 in Staves
  4569 | D:6      | Found a staircase to the Ecumenical Temple.
  4574 | Temple   | Entered the Ecumenical Temple
  4581 | Temple   | Became a worshipper of Warmaster Okawaru
  4985 | D:7      | Found a snail-covered altar of Cheibriados.
  5172 | D:7      | Found a sparkling altar of Nemelex Xobeh.
  5184 | D:7      | Found an ancient bone altar of Kikubaaqudgha.
  5184 | D:7      | Found a glowing silver altar of Zin.
  5267 | D:7      | Reached * piety under Okawaru
  5267 | D:7      | Reached skill level 11 in Staves
  5572 | D:7      | Found an opulent altar of Gozag.
  5707 | D:7      | Reached XP level 10. HP: 72/88 MP: 9/9
  5938 | D:8      | Found a runed door.
  5965 | D:8      | Found a runed door.
  6045 | D:8      | Noticed a two-headed ogre
  6046 | D:8      | Noticed a death yak
  6047 | D:8      | Noticed a death yak
  6047 | D:8      | Noticed a death yak
  6048 | D:8      | Noticed a death yak
  6049 | D:8      | Noticed a death yak
  6049 | D:8      | Noticed a death yak
  6050 | D:8      | Noticed a death yak
  6050 | D:8      | Noticed Irenicus's ghost (novice DEFE)
  6057 | D:8      | Noticed a death yak
  6092 | D:7      | Slain by a death yak

Vault maps used:
D:1:      dpeg_arrival_three_same_balls, bh_walls_and_bars
D:2:      gammafunk_temple_overflow_arena
D:3:      nicolae_ru_path_of_blood, uniq_ijyb
D:4:      uniq_eustachio, uniq_robin
D:5:      first_bread, enter_ossuary_5, corexii_corridor_pit,
          nemelex_diamond_rough_becter, uniq_pikel, uniq_menkaure,
          uniq_blork_the_orc
D:6:      minmay_temple_entry_butterflies
D:7:      lemuel_round_altar, lemuel_coloured_pillars_altar,
          gammafunk_temple_overflow_forgotten
D:8:      lemuel_insect_pit, dpeg_lair_monsters, serial_shops, shop,
          hangedman_pestilent_swarm
Temple:   nicolae_temple_no_exploring_needed
Ossuary:  ossuary_minmay_four_chambers

Skill      XL: |  1  2  3  4  5  6  7  8  9 |
---------------+----------------------------+-----
Armour         | 1 2 3 4 5 6 8 |  8.0
Staves         | 4 5 7 8 9 11 | 11.2
Fighting       | 3 4 5 6 7 |  7.8
Dodging        | 4 5 6 7 |  7.9
Throwing       | |  2.0

Action                   |  1- 3 |  4- 6 |  7- 9 | 10-12 || total
-------------------------+-------+-------+-------+-------++-------
Melee: Quarterstaff      |    81 |   143 |   404 |    20 ||   648
       Headbutt          |    11 |    25 |    92 |    11 ||   139
  Use: Scroll            |       |       |       |     4 ||     4
  Eat: Chunk             |       |     3 |     7 |     1 ||    11
       Meat ration       |       |       |     1 |       ||     1
Armor: Leather armour    |     6 |       |       |       ||     6
       Chain mail        |    31 |    57 |   151 |     4 ||   243
Dodge: Dodged            |    40 |    51 |   159 |    13 ||   263
